 Dungeon Crawl Stone Soup version 0.23.2-33-g5129a83184 (webtiles) character file.

Game seed: 10202464631319249819

93 FishyPogo the Chiller (level 4, -4/21 HPs)
             Began as a Vine Stalker Ice Elementalist on Aug 5, 2019.
             Shot with an arrow by a centaur (9 damage)
             ... on level 2 of the Dungeon.
             The game lasted 00:17:15 (1770 turns).

FishyPogo the Chiller (VSIE)                        Turns: 1770, Time: 00:17:16

Health: -4/21      AC:  3    Str:  9 (11) XL:     4   Next: 61%
Magic:  0/9        EV: 12    Int: 15 (16) God:
Gold:   83         SH:  0    Dex: 13 (14) Spells: 2/9 levels left

rFire    . . .     SeeInvis .   (no weapon)
rCold    . . .     Gourm    .   (no shield)
rNeg     . . .     Faith    .   l - +0 animal skin
rPois    .         Spirit   +   m - +0 helmet
rElec    .         Reflect  .   (no cloak)
rCorr    .         Harm     .   (no gloves)
MR       .....                  (no boots)
Stlth    ++........             (no amulet)
HPRegen  0.47/turn              (no ring)
MPRegen  0.11/turn              (no ring)

@: no status effects
A: fangs 2, regeneration 1, magic shield, antimagic bite, no potion heal 3, rot
immunity
a: no special abilities


You were on level 2 of the Dungeon.
You were not hungry.

You visited 1 branch of the dungeon, and saw 2 of its levels.

You collected 83 gold pieces.

Inventory:

Armour
 e - a +0 shield
 l - a +0 animal skin (worn)
 m - a +0 helmet (worn)
Scrolls
 a - a scroll of identify {unknown}
 d - 4 scrolls of teleportation {unknown}
 g - a scroll of fog {unknown}
Potions
 b - a potion of agility {unknown}
 h - a potion of resistance {unknown}
 i - a potion of flight {unknown}
 j - a potion of heal wounds {unknown}
 k - a potion of degeneration
 n - a potion of curing {unknown}
 o - a potion of magic {unknown}
Comestibles
 c - a ration
 f - 4 chunks of flesh


   Skills:
 - Level 1.5 Dodging
 - Level 3.0 Stealth
 * Level 0.5 Shields
 - Level 3.0 Spellcasting
 - Level 1.0 Conjurations
 * Level 0.7 Summonings
 * Level 4.3 Ice Magic


You had 2 spell levels left.
You knew the following spells:

 Your Spells              Type           Power        Failure   Level  Hunger
a - Freeze                Ice            ###.         3%          1    #......
b - Throw Frost           Conj/Ice       ##....       11%         2    ##.....
c - Summon Ice Beast      Ice/Summ       #.......     56%         4    #####..

Your spell library contained the following spells:

 Spells                   Type           Power        Failure   Level  Hunger
 Ozocubu's Armour         Chrm/Ice       #.......     26%         3    ###....
 Throw Icicle             Conj/Ice       ##......     56%         4    #####..


Dungeon Overview and Level Annotations

Branches:
Dungeon (2/15)

Altars:


Innate Abilities, Weirdness & Mutations

You have extremely sharp teeth.
Your natural rate of healing is unusually fast.
When hurt, damage is shared between your health and your magic reserves.
Your bite disrupts and absorbs the magic of your enemies.
Potions cannot restore your health.
You are immune to rotting.


Message History

You hit the rat but do no damage. You bite the rat.
You kill the rat!
You see here a rat corpse.
You butcher the rat corpse.
f - 4 chunks of flesh (gained 1)
You see here a rat skeleton.
You see here an adder skeleton.
The centaur shouts!
The centaur wields a +0 shortbow.
The centaur shoots an arrow.
The arrow hits you.
You see here a rat skeleton.
The centaur shoots an arrow.
The arrow hits you!
The centaur shoots an arrow.
The arrow hits you!
* * * LOW HITPOINT WARNING * * *
You see here an arrow.
It was a potion of degeneration.
There was something very wrong with that liquid.
You feel weakened.
You feel dopey.
You feel clumsy.
The centaur shoots an arrow.
The arrow hits you!
You die...

#.#...# #.#
#.##..###.#
#.#...#.#.#
#...#.#.#.#
#####
###.....#.#
#...#
##.##..#÷#
###...#
#...)....#
..'...#
#####..##.)#.#
###...#
#.(÷...@...#.#
##+##
#c########.#.#
#........
#...#.#
#####...c
#.#...# ......
#.....# ..)...
#.....#
.c..l..
#.###.#
.......
#....>#
#######


You could see a centaur.

Vanquished Creatures
  Robin (D:2)
  An adder (D:2)
  A worm (D:2)
  4 leopard geckos
  A giant cockroach (D:1)
  19 goblins
  8 hobgoblins
  A quokka (D:2)
  6 bats
  2 frilled lizards (D:1)
  6 kobolds
  13 rats
63 creatures vanquished.

Notes
Turn   | Place    | Note
-------+----------+-------------------------------------------
     0 | D:1      | FishyPogo the Vine Stalker Ice Elementalist began the quest
                  | for the Orb.
     0 | D:1      | Reached XP level 1. HP: 9/9 MP: 4/4
   181 | D:1      | Reached XP level 2. HP: 6/13 MP: 0/6
   188 | D:1      | Learned a level 2 spell: Throw Frost
   511 | D:1      | Reached XP level 3. HP: 11/16 MP: 0/7
   920 | D:2      | Noticed Robin
  1074 | D:2      | Killed Robin
  1074 | D:2      | Reached skill level 4 in Ice Magic
  1074 | D:2      | Gained mutation: Your natural rate of healing is unusually
                  | fast. [Vine Stalker growth]
  1074 | D:2      | Reached XP level 4. HP: 20/21 MP: 0/9
  1181 | D:2      | Learned a level 4 spell: Summon Ice Beast
  1420 | D:2      | Noticed a centaur
  1770 | D:2      | Shot with an arrow by a centaur

Skill      XL: |  1  2  3  4 |
---------------+-------------+-----
Stealth        | 3 |  3.0
Ice Magic      | 4 |  4.3
Spellcasting   | 3 |  3.0
Dodging        | |  1.5
Shields        | |  0.5
Conjurations   | |  1.0
Summonings     | |  0.7

Action                   |  1- 3 |  4- 6 || total
-------------------------+-------+-------++-------
Melee: Unarmed           |    44 |    37 ||    81
       Bite              |     7 |     3 ||    10
 Cast: Freeze            |    43 |    13 ||    56
       Throw Frost       |    14 |     9 ||    23
  Use: Potion            |       |     1 ||     1
 Stab: Sleeping          |     4 |     2 ||     6
  Eat: Chunk             |     2 |     3 ||     5
Armor: Robe              |    13 |       ||    13
       Animal skin       |       |     3 ||     3
Dodge: Dodged            |    42 |    26 ||    68
